 Dungeon Crawl Stone Soup version 0.23.1-42-g8abd8fc (webtiles) character file.

Game seed: 18197754944748009831

4260 Borgoz the Cutter (level 10, -5/60 HPs)
             Began as a Gargoyle Gladiator on Mar 30, 2019.
             Slain by a two-headed ogre
             ... wielding a +0 giant spiked club
              (7 damage)
             ... on level 10 of the Dungeon.
             The game lasted 00:15:47 (8190 turns).

Borgoz the Cutter (Gargoyle Gladiator)              Turns: 8190, Time: 00:15:49

Health: -5/60      AC: 16    Str: 18    XL:     10   Next: 31%
Magic:  0/16       EV: 16    Int: 12    God:
Gold:   283        SH:  0    Dex: 17    Spells: 16/17 levels left

rFire    . . .     SeeInvis .   o - +2 dagger (flame)
rCold    . . .     Gourm    .   (no shield)
rNeg     + . .     Faith    .   m - +1 leather armour "Limpyomo" {rElec Int+3 Dex+3}
rPois    ∞         Spirit   +   c - +1 helmet
rElec    +         Reflect  .   (no cloak)
rCorr    .         Harm     .   k - +1 pair of gloves {archery}
MR       .....                  (no boots)
Stlth    +++.......             r - amulet of guardian spirit
HPRegen  0.20/turn              (no ring)
MPRegen  0.15/turn              v - ring of flight

@: confusing touch
A: negative energy resistance 1, electricity resistance, unbreathing,
petrification resistance, rot immunity, AC +7
a: Evoke Flight


You were on level 10 of the Dungeon.
You were near starving.

You visited 2 branches of the dungeon, and saw 11 of its levels.

You collected 283 gold pieces.

Inventory:

Hand Weapons
 a - a +0 rapier
 o - a +2 dagger of flaming (weapon)
Missiles
 q - 5 tomahawks (quivered)
Armour
 c - a +1 helmet (worn)
 k - a +1 pair of gloves of archery (worn)
 m - the +1 leather armour "Limpyomo" (worn) {rElec Int+3 Dex+3}
   (You found it on level 4 of the Dungeon)

   It affects your intelligence (+3).
   It affects your dexterity (+3).
   It insulates you from electricity.
Jewellery
 b - a +4 ring of evasion
 g - an uncursed amulet of regeneration
 r - an amulet of guardian spirit (around neck)
 v - a ring of flight (right hand)
Wands
 B - a wand of random effects (6)
Scrolls
 h - 3 scrolls of remove curse
 l - 2 scrolls of blinking
 n - a scroll of fog
 p - a scroll of amnesia
 s - 2 scrolls of enchant weapon
 t - a scroll of identify
 w - 9 scrolls of teleportation
 z - a scroll of enchant armour
Potions
 i - a potion of flight
 x - a potion of brilliance
Comestibles
 f - 15 rations


   Skills:
 + Level 5.7 Fighting
 * Level 7.0 Short Blades
 - Level 1.7 Throwing
 + Level 5.2 Armour
 * Level 6.4 Dodging
 + Level 5.5 Stealth
 + Level 4.0 Spellcasting
 + Level 4.0 Hexes


You had 16 spell levels left.
You knew the following spells:

 Your Spells              Type           Power        Failure   Level  Hunger
a - Confusing Touch       Hex            ##....       4%          1    #......

Your spell library contained the following spells:

 Spells                   Type           Power        Failure   Level  Hunger
 Animate Skeleton         Necr           N/A          26%         1    #......
 Apportation              Tloc           #.....       26%         1    #......
 Summon Small Mammal      Summ           #...         26%         1    #......


Dungeon Overview and Level Annotations

Branches:
Dungeon (10/15)            Temple (1/1) D:4
   Lair: D:8-11         Orc: D:9-12

Altars:
Cheibriados
Dithmenos
Elyvilon
Fedhas
Gozag
Hepliaklqana
Kikubaaqudgha
Makhleb
Nemelex Xobeh
Okawaru
Qazlal
Ru
Sif Muna
Trog
Uskayaw
Vehumet
Wu Jian
Xom
Yredelemnul
Zin
The Shining One

Shops:
D:4 (

Annotations:
D:5 3 runed translucent doors, Terandir's ghost, novice MiFi


Innate Abilities, Weirdness & Mutations

You are resistant to torment.
Your stone body is resilient. (AC +7)
You are immune to poison.
You resist negative energy. (rN+)
You are resistant to electric shocks. (rElec)
You can survive without breathing.
You are immune to petrification.
You are immune to rotting.


Message History

You closely miss the orc wizard.
The orc wizard shouts!
You hear a shout!
The orc wizard completely misses you.
You closely miss the orc wizard. The orc wizard barely misses you.
Casting: Confusing Touch (safe; 4% risk of failure)
Confirm with . or Enter, or press ? or * to list all spells.
Your hands begin to glow red.
The orc wizard hits you but does no damage.
You closely miss the orc wizard.
You hit the orc wizard but do no damage.
The orc wizard appears confused.
You see here a pair of gloves.
You hit the orc wizard but do no damage.
Casting: Confusing Touch (safe; 4% risk of failure)
Confirm with . or Enter, or press ? or * to list all spells.
Your hands begin to glow red.
The two-headed ogre hits you with a +0 giant spiked club!!
* * * LOW HITPOINT WARNING * * *
The two-headed ogre hits you with a +0 giant spiked club!
You die...

###### #....# ##.##.####
####.##
#.#####o##.###.#.#.#.......#
..# #.#....#.....#....#....


You could see a two-headed ogre, an orc wizard (confused) and an orc.

Vanquished Creatures
  Erica (D:10)
  Sonja (D:10)
  A hippogriff (D:7)
  Menkaure (D:7)
  3 orc warriors
  2 ice beasts
  3 ogres
  A sky beast (D:5)
  A phantom (D:6)
  A centaur (D:6)
  3 bullfrogs (D:6)
  A wyvern skeleton (D:6)
  5 scorpions
  2 howler monkeys
  A crimson imp (D:6)
  A bullfrog zombie (D:6)
  5 hounds
  5 orc priests
  2 jellies (D:6)
  A bullfrog skeleton (D:5)
  A gnoll shaman (D:4)
  3 iguanas
  Jessica (D:2)
  6 orc wizards
  3 worker ants
  A hound zombie (D:5)
  A hound skeleton (D:6)
  A worker ant zombie (D:5)
  8 gnolls
  8 adders
  A howler monkey skeleton (D:4)
  4 adder skeletons
  3 worms (D:2)
  2 dart slugs (D:1)
  6 leopard geckos
  35 orcs
  11 bats
  6 giant cockroaches
  11 goblins
  3 hobgoblins
  9 jackals
  10 kobolds
  7 quokkas
  4 ball pythons
  4 frilled lizards
  9 rats
199 creatures vanquished.

Vanquished Creatures (others)
  An orc priest (D:10)
  2 orcs (D:10)
3 creatures vanquished.

Grand Total: 202 creatures vanquished

Notes
Turn   | Place    | Note
-------+----------+-------------------------------------------
     0 | D:1      | Borgoz the Gargoyle Gladiator began the quest for the Orb.
     0 | D:1      | Reached XP level 1. HP: 12/12 MP: 1/1
     6 | D:1      | Noticed a five-headed hydra
     6 | D:1      | Noticed a swamp worm
     7 | D:1      | Noticed a black bear
   118 | D:1      | Reached XP level 2. HP: 9/17 MP: 2/2
   335 | D:1      | Reached skill level 3 in Short Blades
   492 | D:1      | Reached XP level 3. HP: 11/22 MP: 3/3
  1018 | D:2      | Reached skill level 1 in Stealth
  1068 | D:2      | Reached skill level 1 in Armour
  1095 | D:2      | Reached XP level 4. HP: 24/27 MP: 4/4
  1309 | D:2      | Found a faded altar of an unknown god.
  1368 | D:2      | Noticed Jessica
  1383 | D:2      | Killed Jessica
  1587 | D:2      | Reached XP level 5. HP: 26/32 MP: 5/5
  2022 | D:3      | Learned a level 1 spell: Confusing Touch
  2215 | D:3      | Found a white marble altar of Elyvilon.
  2674 | D:3      | Found a burning altar of Makhleb.
  2674 | D:3      | Found a blossoming altar of Fedhas.
  2794 | D:4      | Reached XP level 6. HP: 36/37 MP: 6/6
  3042 | D:4      | Reached skill level 4 in Short Blades
  3044 | D:4      | HP: 1/37 [gnoll/+0 halberd (4)]
  3336 | D:3      | Reached skill level 1 in Hexes
  3404 | D:4      | Reached skill level 1 in Spellcasting
  3551 | D:4      | Reached XP level 7. HP: 25/41 MP: 8/8
  3591 | D:4      | Found an ancient bone altar of Kikubaaqudgha.
  3785 | D:4      | Got a slimy leather armour
  3796 | D:4      | Identified the cursed +1 leather armour "Limpyomo" {rElec
                  | Int+3 Dex+3} (You found it on level 4 of the Dungeon)
  3927 | D:4      | Found a staircase to the Ecumenical Temple.
  3945 | Temple   | Entered the Ecumenical Temple
  4035 | D:4      | Found Ussioshro's Weapon Shoppe.
  4129 | D:5      | Entered Level 5 of the Dungeon
  4712 | D:5      | Found a runed translucent gate.
  4714 | D:5      | Found a runed translucent gate.
  4715 | D:5      | Found a runed translucent gate.
  4715 | D:5      | Noticed Terandir's ghost (novice MiFi)
  4764 | D:5      | Reached XP level 8. HP: 33/48 MP: 7/10
  5057 | D:6      | Reached skill level 5 in Short Blades
  5208 | D:6      | Found a white marble altar of Elyvilon.
  5839 | D:6      | Reached skill level 5 in Dodging
  5877 | D:6      | Reached XP level 9. HP: 52/52 MP: 10/13
  6618 | D:7      | Found an iron altar of Okawaru.
  6618 | D:7      | Found a basalt altar of Yredelemnul.
  6623 | D:7      | Found an opulent altar of Gozag.
  6638 | D:7      | Noticed Menkaure
  6660 | D:7      | Killed Menkaure
  6748 | D:6      | HP: 2/53 [ice beast (10)]
  7156 | D:6      | Reached skill level 6 in Short Blades
  7321 | D:7      | Found a hide-covered altar of Uskayaw.
  7440 | D:7      | Reached skill level 5 in Fighting
  7761 | D:8      | You fall through a shaft for 2 floors!
  7761 | D:10     | Entered Level 10 of the Dungeon
  7812 | D:10     | Noticed Erica
  7836 | D:10     | Killed Erica
  7836 | D:10     | Reached skill level 5 in Armour
  7836 | D:10     | Reached skill level 5 in Stealth
  7836 | D:10     | Reached XP level 10. HP: 33/59 MP: 8/15
  7866 | D:10     | Noticed Sonja
  7918 | D:10     | Killed Sonja
  7918 | D:10     | Reached skill level 7 in Short Blades
  7926 | D:10     | Noticed a two-headed ogre
  8131 | D:10     | HP: 3/60 [two-headed ogre/+0 giant spiked club (9)]
  8173 | D:10     | Noticed a two-headed ogre
  8190 | D:10     | HP: 2/60 [two-headed ogre/+0 giant spiked club (12)]
  8190 | D:10     | Slain by a two-headed ogre

Skill      XL: |  1  2  3  4  5  6  7  8  9 10 |
---------------+-------------------------------+-----
Short Blades   | 3 4 5 6 7 |  7.0
Stealth        | 1 2 3 4 5 |  5.5
Armour         | 1 2 3 5 |  5.2
Dodging        | 3 4 5 6 |  6.4
Fighting       | 3 4 5 |  5.7
Hexes          | 1 2 3 4 |  4.0
Spellcasting   | 1 2 3 4 |  4.0
Throwing       | |  1.7

Action                   |  1- 3 |  4- 6 |  7- 9 | 10-12 || total
-------------------------+-------+-------+-------+-------++-------
Melee: Rapier            |   134 |    83 |       |       ||   217
       Dagger            |       |   236 |   593 |    66 ||   895
Throw: Throwing net      |       |     3 |     1 |       ||     4
       Tomahawk          |       |     2 |       |       ||     2
 Cast: Confusing Touch   |       |       |    27 |     9 ||    36
Evoke: Wand              |       |       |     1 |       ||     1
  Use: Potion            |       |     6 |     4 |       ||    10
       Scroll            |       |       |    11 |     1 ||    12
 Stab: Sleeping          |     1 |     8 |     4 |     1 ||    14
       Confused          |       |       |    22 |     5 ||    27
  Eat: Chunk             |     1 |     8 |    14 |       ||    23
Armor: Leather armour    |    59 |   107 |   190 |    35 ||   391
       Chain mail        |       |    38 |       |       ||    38
       Skin              |       |     1 |       |       ||     1
Dodge: Dodged            |   123 |   212 |   316 |    55 ||   706
